AoeStats
← Luis

Black Forest

506092113Analyzed
1v1 RM · 21d ago on Sep 12, 2026· 43m 3s· 2 players
Game mode
Random Map
Map size
Tiny (2 player)
Population
200
Speed
Normal
Resources
Standard
Victory
Conquest
Starting age
Dark Age
Ending age
Imperial Age
RankedLock teamsTeams togetherTeam positionsShared explorationLock speedFull tech treeHidden civsTurbo modeCheats
Victory
Defeat
🇵🇱 Persians · Poland
657
+16
🇪🇸 Celts · Spain
667
-16
Sanjuro
5:45 Loom
10:36 Feudal Age
13:50 Double-Bit Axe
16:44 Horse Collar
22:15 Castle Age
21:16 Stone Mining
21:17 Gold Mining
21:40 Scale Barding Armor
21:28 Man-at-Arms
24:33 Husbandry
24:53 Bow Saw
25:34 Bloodlines
27:51 Stone Shaft Mining
27:40 Loom
28:49 Forging
30:40 Wheelbarrow
30:18 Heavy Plow
35:23 Chain Barding Armor
35:39 Iron Casting
Luis
11:28 Feudal Age
9:44 Loom
12:11 Double-Bit Axe
12:10 Horse Collar
14:54 Man-at-Arms
15:38 Town Watch
18:12 Forging
18:03 Scale Mail Armor
17:54 Fletching
18:12 Gold Mining
18:57 Padded Archer Armor
25:36 Castle Age
24:07 Stone Mining
26:57 Wheelbarrow
26:42 Crossbowman
27:26 Bodkin Arrow
29:09 Chain Mail Armor
30:07 Heavy Plow
30:50 Bow Saw
30:17 Long Swordsman
30:21 Elite Skirmisher
32:50 Pikeman
33:17 Gambesons
33:52 Leather Archer Armor
34:13 Iron Casting
45:40 Imperial Age
Connection lost

Rejoining the realm…

Still unreachable

The connection could not be restored.

Session expired

The server has moved on; the page needs a fresh start.